 Dungeon Crawl Stone Soup version 0.29.0-4-gdea44cf6ec (webtiles) character file.

Game seed: 7005203944092870739

286 qw the Ruffian (level 6, 0/50 HPs)
             Began as a Ghoul Fire Elementalist on Aug 29, 2022.
             Killed by divine providence
             ... invoked by an orc priest
              (14 damage)
             ... on level 4 of the Dungeon.
             The game lasted 00:04:06 (4633 turns).

qw the Ruffian (Ghoul Fire Elementalist)            Turns: 4633, Time: 00:04:07

Health: 0/50       AC:  6    Str: 12 (14) XL:     6   Next: 30%
Magic:  7/7        EV:  8    Int: 10      God:
Gold:   172        SH:  0    Dex:  6 (9)  Spells: 7/8 levels left

rFire   . . .      SeeInvis .     - Unarmed
rCold   + . .      Faith    .   (no shield)
rNeg    + + +      Spirit   .   g - +0 scale mail
rPois   inf        Reflect  .   (no helmet)
rElec   .          Harm     .   (no cloak)
rCorr   .          Rampage  .   (no gloves)
Will    .....                   (no boots)
Stlth   ..........              (no amulet)
HPRegen 0.00/turn               (no ring)
MPRegen 0.10/turn               (no ring)

@: inhibited regen
A: claws 1, cold resistance 1, negative energy resistance 3, inhibited
regeneration, torment resistance 2, devour on kill
a: no special abilities


You were on level 4 of the Dungeon.
You visited 1 branch of the dungeon, and saw 4 of its levels.

You collected 202 gold pieces.
You spent 30 gold pieces at shops.


Innate Abilities, Weirdness & Mutations

You are immune to poison.
You have sharp fingernails.
Your flesh is cold resistant. (rC+)
You are immune to negative energy. (rN+++)
You do not regenerate when monsters are visible.
You are immune to unholy pain and torment.
You thrive by killing the living.


   Skills:
 + Level 2.4 Fighting
 - Level 1.7 Dodging
 - Level 2.1 Stealth
 - Level 6.0 Unarmed Combat
 - Level 1.7 Spellcasting
 - Level 0.7 Conjurations
 - Level 2.4 Fire Magic


You had 7 spell levels left.
You knew the following spells:

 Your Spells              Type           Power      Damage    Failure   Level
a - Foxfire               Conj/Fire      16%        2x1d4     67%         1

Your spell library contained the following spells:

 Spells                   Type           Power      Damage    Failure   Level
 Scorch                   Fire           10%        2d6       69%         2
 Conjure Flame            Conj/Fire      4%         6-21      95%         3
 Inner Flame              Hex/Fire       3%         N/A       97%         3
 Flame Wave               Conj/Fire      4%         2d5       100%        4

Inventory:

Armour
 g - a +0 scale mail (worn)
Jewellery
 a - an amulet of the acrobat
Scrolls
 b - a scroll of noise {unknown}
 h - 2 scrolls of identify
Potions
 e - 2 potions of might
 j - a potion of cancellation {unknown}
 n - a potion of heal wounds

Dungeon Overview and Level Annotations

Branches:
Dungeon (4/15)
 Temple: D:4-7

Altars:
Fedhas
Gozag
Hepliaklqana
Wu Jian
Xom

Shops:
D:3 !


Message History

You kill the orc!
You feel better.
You closely miss the orc. The orc hits you but does no damage.
You scratch the orc.
The orc is moderately wounded.
The orc priest begins to cast a cantrip, but forgets the words!
Something hits you. The orc completely misses you.
You scratch the orc.
The orc is heavily wounded.
An orc wizard appears from thin air!
Reactivating autopickup.
The orc priest mumbles some strange prayers to Beogh against you.
Beogh smites you!
The orc wizard hits you but does no damage.
The orc hits you but does no damage.
4626 ||| Stepping ~*~*~tactically~*~*~ (outnumbered).
The orc attacks as you move away! The orc hits you but does no damage.
You barely miss the orc wizard. You scratch the orc.
The orc is heavily wounded.
The orc wizard barely misses you. The orc hits you with a +0 club.
You scratch the orc.
You kill the orc!
You feel better.
You scratch the orc wizard.
The orc wizard is moderately wounded.
The orc wizard hits you but does no damage.
You closely miss the orc wizard.
The orc wizard is moderately wounded.
The orc wizard hits you but does no damage.
You closely miss the orc wizard.
The orc wizard is moderately wounded.
The orc wizard hits you but does no damage.
You scratch the orc wizard but do no damage.
The orc wizard is moderately wounded.
The orc wizard hits you with a +0 dagger.
The orc priest invokes the aid of Beogh against you.
Beogh smites you!
You die...

#..........##...## #.
#._.........#....###
#..
#..........###...##.
#..##....?......#...##.
#..##..............##..
#..#..).......##......
.............##.......
...#....##.......#.#..
#..##@o.###%...#######
##..##)###.......### #
#....)##.%.#....#.###
##...o..o.##.........
##.#..####........#.
..##..# ##......###
#|.#...# #........##
#....... ###%[..##..
..##.......#......##.


You could see an orc priest and an orc wizard.

Vanquished Creatures
  A scorpion (D:4)
  Jessica (D:3)
  An orc wizard (D:4)
  3 gnolls (D:3)
  5 adders
  4 dart slugs
  3 orcs
  8 endoplasms
  5 giant cockroaches
  13 goblins
  7 hobgoblins
  7 jackals
  7 kobolds
  2 quokkas
  5 ball pythons
  9 bats
  7 frilled lizards
  5 rats
93 creatures vanquished.

Notes
Turn   | Place    | Note
-------+----------+-------------------------------------------
     0 | D:1      | qw the Ghoul Fire Elementalist began the quest for the Orb.
     0 | D:1      | Reached XP level 1. HP: 14/14 MP: 2/2
     0 | D:1      | 0 ||| qw: Version: 0.1-a-90-g952f4b7
     0 | D:1      | 0 ||| qw: Game counter: 4171
     0 | D:1      | 0 ||| qw: Always use a shield: true
     0 | D:1      | 0 ||| qw: God list: Okawaru
     0 | D:1      | 0 ||| qw: Allow faded altars: false
     0 | D:1      | 0 ||| qw: Do Orc after D:15 true
     0 | D:1      | 0 ||| qw: Do second Lair branch before Depths: true
     0 | D:1      | 0 ||| qw: Lair rune preference: random
     0 | D:1      | 0 ||| qw: Plans: Normal
     0 | D:1      | 0 ||| PLANNING D:1-11
   225 | D:1      | 225 ||| Stepping ~*~*~tactically~*~*~ (stealth).
   228 | D:1      | Reached skill level 1 in Unarmed Combat
   277 | D:1      | Reached skill level 1 in Fighting
   277 | D:1      | Reached XP level 2. HP: 7/23 MP: 3/3
   516 | D:1      | 516 ||| Stepping ~*~*~tactically~*~*~ (stealth).
   652 | D:1      | 652 ||| Stepping ~*~*~tactically~*~*~ (hiding).
   664 | D:1      | Reached skill level 2 in Unarmed Combat
   677 | D:1      | Found a faded altar of an unknown god.
   719 | D:1      | 719 ||| Stepping ~*~*~tactically~*~*~ (hiding).
   754 | D:1      | Reached XP level 3. HP: 24/28 MP: 4/4
   806 | D:1      | 806 ||| Stepping ~*~*~tactically~*~*~ (hiding).
   908 | D:1      | 908 ||| Stepping ~*~*~tactically~*~*~ (hiding).
  1010 | D:1      | 1010 ||| Stepping ~*~*~tactically~*~*~ (hiding).
  1112 | D:1      | 1112 ||| Stepping ~*~*~tactically~*~*~ (hiding).
  1214 | D:1      | 1214 ||| Stepping ~*~*~tactically~*~*~ (hiding).
  1316 | D:1      | 1316 ||| Stepping ~*~*~tactically~*~*~ (hiding).
  1418 | D:1      | 1418 ||| Stepping ~*~*~tactically~*~*~ (hiding).
  1520 | D:1      | 1520 ||| Stepping ~*~*~tactically~*~*~ (hiding).
  1622 | D:1      | 1622 ||| Stepping ~*~*~tactically~*~*~ (hiding).
  1724 | D:1      | 1724 ||| Stepping ~*~*~tactically~*~*~ (hiding).
  1826 | D:1      | 1826 ||| Stepping ~*~*~tactically~*~*~ (hiding).
  1928 | D:1      | 1928 ||| Stepping ~*~*~tactically~*~*~ (hiding).
  2012 | D:1      | 2012 ||| Stepping ~*~*~tactically~*~*~ (outnumbered).
  2205 | D:1      | 2205 ||| UPGRADING to +0 leather armour.
  2215 | D:1      | 2215 ||| DROPPING +0 robe.
  2216 | D:1      | 2216 ||| UPGRADING to +0 ring mail.
  2226 | D:1      | 2226 ||| DROPPING +0 leather armour.
  2227 | D:1      | 2227 ||| READING 2 scrolls labelled AJYOMU YTTO.
  2228 | D:1      | 2228 ||| READING scroll labelled APE YTZO BIRRE.
  2229 | D:1      | 2229 ||| DRINKING 2 fuming black potions.
  2230 | D:1      | 2230 ||| DROPPING potion of magic.
  2247 | D:2      | Found a shimmering altar of Xom.
  2351 | D:2      | Reached skill level 3 in Unarmed Combat
  2611 | D:2      | Reached XP level 4. HP: 32/35 MP: 5/5
  2845 | D:2      | 2845 ||| Stepping ~*~*~tactically~*~*~ (stealth).
  2849 | D:2      | 2849 ||| Stepping ~*~*~tactically~*~*~ (stealth).
  2850 | D:2      | 2850 ||| Stepping ~*~*~tactically~*~*~ (stealth).
  2860 | D:2      | 2860 ||| Stepping ~*~*~tactically~*~*~ (outnumbered).
  2861 | D:2      | 2861 ||| Stepping ~*~*~tactically~*~*~ (outnumbered).
  2866 | D:2      | 2866 ||| Stepping ~*~*~tactically~*~*~ (outnumbered).
  2867 | D:2      | 2867 ||| Stepping ~*~*~tactically~*~*~ (outnumbered).
  2870 | D:2      | 2870 ||| Stepping ~*~*~tactically~*~*~ (outnumbered).
  2871 | D:2      | 2871 ||| Stepping ~*~*~tactically~*~*~ (outnumbered).
  2872 | D:2      | 2872 ||| Stepping ~*~*~tactically~*~*~ (outnumbered).
  2874 | D:2      | 2874 ||| Stepping ~*~*~tactically~*~*~ (outnumbered).
  2875 | D:2      | 2875 ||| Stepping ~*~*~tactically~*~*~ (outnumbered).
  2876 | D:2      | 2876 ||| Stepping ~*~*~tactically~*~*~ (outnumbered).
  2877 | D:2      | 2877 ||| Stepping ~*~*~tactically~*~*~ (outnumbered).
  3085 | D:2      | 3085 ||| READING scroll labelled BYNWIO KAZEKH.
  3086 | D:2      | 3086 ||| READING scroll labelled ZIECYRR ECWIRPH.
  3087 | D:2      | 3087 ||| READING scroll labelled MOEPOCIKHLO.
  3090 | D:2      | 3090 ||| READING scroll labelled ALORPH NUCLIUDD.
  3091 | D:2      | 3091 ||| READING scroll labelled YXKIGG TICUTZ.
  3092 | D:2      | 3092 ||| READING scroll labelled KANOFU FECHUAN.
  3093 | D:2      | 3093 ||| READING 4 scrolls of identify.
  3093 | D:2      | 3093 ||| IDENTIFYING ruby potion
  3094 | D:2      | 3094 ||| READING 3 scrolls of identify.
  3094 | D:2      | 3094 ||| IDENTIFYING fuming orange potion
  3095 | D:2      | 3095 ||| READING 2 scrolls of identify.
  3095 | D:2      | 3095 ||| IDENTIFYING fizzy golden potion
  3096 | D:2      | 3096 ||| DROPPING potion of brilliance.
  3097 | D:2      | 3097 ||| DROPPING potion of lignification.
  3098 | D:2      | 3098 ||| DROPPING potion of ambrosia.
  3145 | D:3      | 3145 ||| Stepping ~*~*~tactically~*~*~ (stealth).
  3155 | D:3      | Reached skill level 4 in Unarmed Combat
  3231 | D:3      | Found a hazy altar of Hepliaklqana.
  3236 | D:3      | Found an ornate altar of the Wu Jian Council.
  3243 | D:3      | 3243 ||| Stepping ~*~*~tactically~*~*~ (stealth).
  3356 | D:3      | Found an opulent altar of Gozag.
  3421 | D:3      | Noticed Jessica
  3422 | D:3      | 3422 ||| Stepping ~*~*~tactically~*~*~ (hiding).
  3435 | D:3      | Killed Jessica
  3540 | D:3      | Reached XP level 5. HP: 42/42 MP: 6/6
  3639 | D:3      | Found Ukkizeg's Distillery.
  3675 | D:3      | 3675 ||| BUYING potion of curing (30 gold).
  3675 | D:3      | Bought a potion of curing for 30 gold pieces
  3833 | D:3      | 3833 ||| Stepping ~*~*~tactically~*~*~ (outnumbered).
  3836 | D:3      | 3836 ||| Stepping ~*~*~tactically~*~*~ (outnumbered).
  3843 | D:3      | 3843 ||| FLEEEEING.
  3844 | D:3      | 3844 ||| FLEEEEING.
  3845 | D:3      | 3845 ||| FLEEEEING.
  3858 | D:3      | 3858 ||| Stepping ~*~*~tactically~*~*~ (hiding).
  3871 | D:3      | 3871 ||| Stepping ~*~*~tactically~*~*~ (stealth).
  3911 | D:3      | 3911 ||| Stepping ~*~*~tactically~*~*~ (stealth).
  3916 | D:3      | 3916 ||| Stepping ~*~*~tactically~*~*~ (stealth).
  3945 | D:3      | 3945 ||| Stepping ~*~*~tactically~*~*~ (stealth).
  3948 | D:3      | 3948 ||| Stepping ~*~*~tactically~*~*~ (stealth).
  3964 | D:3      | Found a blossoming altar of Fedhas.
  4056 | D:3      | 4056 ||| Stepping ~*~*~tactically~*~*~ (stealth).
  4067 | D:3      | 4067 ||| Stepping ~*~*~tactically~*~*~ (stealth).
  4133 | D:3      | 4133 ||| Stepping ~*~*~tactically~*~*~ (stealth).
  4135 | D:3      | 4135 ||| Stepping ~*~*~tactically~*~*~ (stealth).
  4196 | D:3      | 4196 ||| UPGRADING to +0 scale mail.
  4206 | D:3      | 4206 ||| DROPPING +0 ring mail.
  4207 | D:3      | 4207 ||| DROPPING +6 ring of intelligence.
  4208 | D:3      | 4208 ||| READING scroll labelled ILIHARRUKI.
  4209 | D:3      | 4209 ||| READING scroll labelled WEBAIBELAU.
  4210 | D:3      | 4210 ||| READING scroll labelled GAOV IX TILIK.
  4211 | D:3      | 4211 ||| DRINKING 3 silvery potions.
  4212 | D:3      | 4212 ||| DRINKING 2 white potions.
  4213 | D:3      | 4213 ||| DROPPING potion of degeneration.
  4279 | D:4      | Identified the +4 whip "Seti" {flame, rPois MP+9}
  4306 | D:4      | Reached skill level 5 in Unarmed Combat
  4306 | D:4      | Reached XP level 6. HP: 30/50 MP: 7/7
  4595 | D:4      | 4595 ||| Stepping ~*~*~tactically~*~*~ (outnumbered).
  4596 | D:4      | 4596 ||| Stepping ~*~*~tactically~*~*~ (outnumbered).
  4602 | D:4      | 4602 ||| DRINKING potion of curing.
  4602 | D:4      | 4602 ||| (to cure confusion)
  4603 | D:4      | 4603 ||| Stepping ~*~*~tactically~*~*~ (outnumbered).
  4604 | D:4      | 4604 ||| Stepping ~*~*~tactically~*~*~ (outnumbered).
  4605 | D:4      | 4605 ||| Stepping ~*~*~tactically~*~*~ (outnumbered).
  4611 | D:4      | 4611 ||| Stepping ~*~*~tactically~*~*~ (outnumbered).
  4613 | D:4      | Reached skill level 6 in Unarmed Combat
  4615 | D:4      | 4615 ||| Stepping ~*~*~tactically~*~*~ (outnumbered).
  4615 | D:4      | HP: 12/50 [orc priest/divine providence (13)]
  4616 | D:4      | 4616 ||| DRINKING 2 potions of heal wounds.
  4617 | D:4      | 4617 ||| Stepping ~*~*~tactically~*~*~ (outnumbered).
  4620 | D:4      | 4620 ||| Stepping ~*~*~tactically~*~*~ (outnumbered).
  4621 | D:4      | 4621 ||| Stepping ~*~*~tactically~*~*~ (outnumbered).
  4626 | D:4      | 4626 ||| Stepping ~*~*~tactically~*~*~ (outnumbered).
  4633 | D:4      | Killed from afar by an orc priest

Levels and vault maps discovered:
D:1:      minmay_arrival_arboretum_small, layout_rooms,
          hellmonk_ecumenical_altar_pennies_from_heaven, hex_tiny
D:2:      layout_loops_ring, basic_altar, minmay_fractal_squares_5
D:3:      kennysheep_the_goblin_king, layout_loops_ring,
          grunt_gozag_breadcrumbs, fedhas_altar_fruit_tree,
          grunt_temple_overflow_open, serial_shops, nicolae_shop_waterfront,
          uniq_jessica
D:4:      layout_cave_pools, nicolae_tso_carved_into_rock,
          mainiacjoe_overflow_catch_the_wave, minmay_temple_entry_junction_2,
          minmay_door_square, guppyfry_shop_venom

Skill      XL: |  1  2  3  4  5  6 |
---------------+-------------------+-----
Unarmed Combat | 1 2 3 4 5 6 |  6.0
Fighting       | 1 2 |  2.4
Dodging        | |  1.7
Stealth        | |  2.1
Spellcasting   | |  1.7
Conjurations   | |  0.7
Fire Magic     | |  2.4

Action                   |  1- 3 |  4- 6 || total
-------------------------+-------+-------++-------
Melee: Unarmed           |   172 |   183 ||   355
       Punch             |     5 |     1 ||     6
  Use: Scroll            |     2 |    12 ||    14
       Potion            |     1 |     4 ||     5
 Stab: Sleeping          |     1 |       ||     1
Armor: Robe              |    27 |       ||    27
       Ring mail         |    26 |    75 ||   101
       Scale mail        |       |    30 ||    30
Dodge: Dodged            |    97 |   112 ||   209

Table legend:
 A = Non-vault XP
 B = Vault XP
 C = Vault XP percentage of total XP
 D = Non-vault monster count
 E = Vault monster count
 F = Vault count percentage of total count
                 A         B        C        D         E       F
            +---------+---------+-------+---------+---------+-------
      Total |     338 |      71 |  17.4 |      78 |      15 |  16.1
            +---------+---------+-------+---------+---------+-------
        D:1 |      54 |       0 |   0.0 |      29 |       0 |   0.0
        D:2 |      36 |      22 |  37.9 |      17 |       7 |  29.2
        D:3 |      88 |      49 |  35.8 |      22 |       8 |  26.7
        D:4 |     160 |       0 |   0.0 |      10 |       0 |   0.0
            +---------+---------+-------+---------+---------+-------
